 Dungeon Crawl Stone Soup version 0.25-a0-577-ga4619f409e (webtiles) character file.

Game seed: 4220425797794242500, levelgen mode: deterministic

65223 Flugslaktarn the Severer (level 14, 0/132 HPs)
             Began as a Minotaur Fighter on Mar 3, 2020.
             Was an Initiate of Gozag.
             Slain by a spiny frog (6 damage)
             ... on level 4 of the Swamp.
             The game lasted 00:10:10 (22975 turns).

Flugslaktarn the Severer (Minotaur Fighter)        Turns: 22975, Time: 00:10:10

Health: 0/132      AC: 19    Str: 31    XL:     14   Next: 74%
Magic:  0/13       EV: 12    Int:  5    God:    Gozag
Gold:   1498       SH:  0    Dex: 12    Spells: 13/13 levels left

rFire    . . .     SeeInvis .   L - +6 battleaxe "Flugslaktarn's Death" {flame, *Corrode rC+++ Str+2}
rCold    + + +     Gourm    .   (shield currently unavailable)
rNeg     . . .     Faith    .   z - +1 chain mail {MR+}
rPois    .         Spirit   +   (helmet unavailable)
rElec    .         Reflect  .   v - +0 cloak
rCorr    .         Harm     .   j - +2 pair of gloves
MR       ++...                  (no boots)
Stlth    ..........             A - amulet of Polytheism {Spirit Dex+2}
HPRegen  0.32/turn              p - +5 ring of strength
MPRegen  0.13/turn              c - ring of protection from cold

@: lethally poisoned (0 -> -39), gold aura
A: retaliatory headbutt, horns 3, deterioration 1, weak 1
a: Potion Petition, Call Merchant, Bribe Branch, Renounce Religion


You were on level 4 of the Swamp.
You worshipped Gozag.
Gozag was most pleased with you.
You were not hungry.

You visited 3 branches of the dungeon, and saw 21 of its levels.

You collected 4811 gold pieces.
You spent 1399 gold pieces at shops.
You paid 1914 gold pieces to Gozag.

Inventory:

Hand Weapons
 a - a +1 war axe
 E - the +5 war axe of the Lame Duck {drain, rPois rN+}
   (You found it on level 4 of the Lair of Beasts)

   A truly terrible weapon, it drains the life of those it strikes.
   It protects you from poison.
   It protects you from negative energy.
 L - the +6 battleaxe "Flugslaktarn's Death" (weapon) {flame, *Corrode rC+++ Str+2}
   (You bought it in a shop on level 5 of the Lair of Beasts)

   It has been specially enchanted to burn those struck by it, causing extra
   injury to most foes and up to half again as much damage against particularly
   susceptible opponents.
   Big, fiery blades are also staple armaments of hydra-hunters.
   It affects your strength (+2).
   It renders you almost immune to cold.
   It may corrode you when you take damage.
Missiles
 y - a throwing net (quivered)
Armour
 b - a +2 hat
   (You took it off Gastronok on level 8 of the Dungeon)
 j - a +2 pair of gloves (worn)
   (You found it on level 4 of the Dungeon)
 v - a +0 cloak (worn)
   (You found it on level 5 of the Dungeon)
 z - a +1 chain mail of magic resistance (worn)
   (You found it on level 1 of the Swamp)
 C - a +0 plate armour
   (You took it off an orc warrior on level 7 of the Dungeon)
 D - a +0 kite shield
Jewellery
 c - a ring of protection from cold (right hand)
   (You found it on level 2 of the Lair of Beasts)
 p - a +5 ring of strength (left hand)
   (You found it on level 6 of the Dungeon)
 A - the amulet of Polytheism (around neck) {Spirit Dex+2}
   (You found it on level 4 of the Lair of Beasts)

   [amulet of guardian spirit]

   It causes incoming damage to be split between your health and magic.
   It affects your dexterity (+2).
 B - an uncursed ring of ice {unknown}
   (You found it on level 1 of the Swamp)
 J - an uncursed amulet of the gourmand {unknown}
   (You found it on level 3 of the Swamp)
 O - an uncursed amulet of the gourmand {unknown}
   (You found it on level 4 of the Swamp)
Wands
 f - a wand of paralysis (10)
   (You found it on level 10 of the Dungeon)
 k - a wand of enslavement (15)
   (You found it on level 4 of the Dungeon)
 I - a wand of iceblast (5)
   (You found it on level 6 of the Lair of Beasts)
Scrolls
 r - 2 scrolls of identify
 t - 5 scrolls of teleportation
 u - 2 scrolls of magic mapping
 x - 7 scrolls of remove curse
 F - 2 scrolls of summoning
 G - a scroll of immolation
 K - a scroll of holy word
 N - a scroll of vulnerability
Potions
 d - 5 potions of might
 g - 2 potions of berserk rage
 h - 2 potions of haste
 i - a potion of invisibility
 l - 4 potions of lignification
 m - a potion of mutation
 n - a potion of resistance
 o - 4 potions of flight
 q - 9 potions of curing
 s - 2 potions of brilliance
 w - 3 potions of heal wounds
 H - a potion of stabbing {unknown}
 M - a potion of magic {unknown}
Comestibles
 e - 10 rations


   Skills:
 + Level 14.1 Fighting
 * Level 18.6 Axes
 + Level 14.1 Armour
 + Level 6.6 Dodging
 - Level 12.5 Shields


You had 13 spell levels left.
You didn't know any spells.
Your spell library was empty.

Dungeon Overview and Level Annotations

Branches:
Dungeon (11/15)            Temple (0/1) D:5            Lair (6/6) D:11
  Swamp (4/4) Lair:4       Spider (0/4) Lair:2        Slime (0/5) Lair:5
    Orc (0/2) D:11

Altars:
Ashenzari
Dithmenos
Fedhas
Gozag
Hepliaklqana
Makhleb
Okawaru
Qazlal
Ru
Xom
Beogh
Jiyva

Shops:
D:5 (   D:10 (   Lair:5 ((


Innate Abilities, Weirdness & Mutations

You reflexively headbutt those who attack you in melee.
You have a pair of large horns on your head.
Your body sometimes deteriorates upon taking damage.
You are weak. (Str -2)


Message History

The spiny frog stings you!
* * * LOW HITPOINT WARNING * * *
You are more poisoned.
The spiny frog poisons you!
The swamp worm fires a harpoon shot at you.
The harpoon shot hits you but does no damage.
You are too injured to fight recklessly!
You are too injured to fight recklessly!
You slash the spiny frog! You burn the spiny frog.
Your headbutt misses the spiny frog.
The spiny frog is moderately wounded.
You hit the alligator. You burn the alligator.
* * * LOW HITPOINT WARNING * * *
You feel very sick.
The spriggan rider is no longer distracted by gold.
The alligator closely misses you. x2
The spriggan rider completely misses you.
The spiny frog stings you!
You die...
Your body crumbles into a pile of gold.

≈.≈≈.♣≈≈♣. ♣♣≈≈≈≈.....♣♣
≈≈≈≈≈.≈≈≈♣ ♣≈≈≈≈≈≈.♣♣≈.
≈≈≈≈≈.≈≈≈♣♣♣ ♣♣≈^≈♣♣§....
≈≈≈≈....w..♣♣♣♣♣...♣♣♣..♣♣
≈.§.≈..≈≈≈.≈♣≈..≈.♣♣♣♣♣♣♣
♣..≈≈≈≈≈≈..≈..≈.≈♣ ♣
♣≈.≈Di≈≈....≈≈.♣♣♣ ♣
♣♣♣..≈≈F≈≈≈≈.≈≈≈≈♣♣ ♣♣
♣.≈.≈.$$@≈≈≈.≈.≈≈.♣ ♣≈
♣≈≈≈≈.≈§t.≈≈≈♣♣≈♣♣♣♣ ♣≈
≈..≈..≈≈.≈♣..♣♣♣♣ ♣.
≈≈≈≈.....♣♣♣♣♣ ♣.
≈≈≈≈≈≈≈≈^♣ ♣≈ ...≈.≈≈≈♣♣
♣♣ ♣♣♣♣≈.≈♣♣ ♣ ♣♣♣♣ ♣


You could see an alligator, an eight-headed hydra, a spriggan rider, a spiny
frog and a swamp worm.

Vanquished Creatures
  Mara (Swamp:2)
  Gastronok (D:8)
  Snorg (Lair:3)
  8 hydras
  Harold (D:7)
  An ice dragon (Lair:6)
  2 catoblepae
  3 two-headed ogres
  6 alligators
  A death yak (Lair:6)
  A spriggan (Swamp:3)
  A spriggan druid (Swamp:4)
  A lindwurm (Lair:6)
  Pikel (D:8)
  2 ugly things
  2 wolf spiders (Lair:6)
  A cyclops (D:11)
  A guardian serpent (Lair:6)
  10 black mambas
  6 torpor snails (Lair:6)
  Psyche (D:8)
  A gargoyle (D:10)
  21 spiny frogs
  2 centaur skeletons
  3 rime drakes
  8 komodo dragons
  2 trolls (D:10)
  A queen bee (D:9)
  10 blink frogs
  8 tyrant leeches
  10 hornets
  Prince Ribbit (D:8)
  4 bog bodies
  9 hippogriffs
  2 redbacks (Lair:6)
  8 wyverns (Lair:6)
  A vampire (D:10)
  3 basilisks
  8 yaks
  2 vampire mosquitoes (Swamp:1)
  A steam dragon (Lair:3)
  2 hungry ghosts (D:7)
  Menkaure (D:5)
  An acid dragon (D:11)
  Edmund (D:5)
  5 swamp worms
  28 water moccasins
  15 porcupines
  2 swamp drakes
  3 ice beasts
  A sky beast (D:9)
  6 orc warriors
  2 phantoms
  A slave (D:8)
  An eye of draining (D:11)
  2 ogres
  3 centaurs
  4 wolves (Lair:2)
  9 crocodiles
  Blork the orc (D:5)
  A big kobold (D:10)
  A gnoll sergeant (D:5)
  11 bullfrogs
  2 scorpions
  14 killer bees (D:9)
  5 wights (D:7)
  5 howler monkeys
  A centaur zombie (D:4)
  3 crimson imps
  A bullfrog zombie (D:6)
  3 jellies
  3 orc wizards
  A bullfrog skeleton (D:7)
  7 orc priests
  A hound (D:4)
  4 iguanas
  4 worker ants
  A hound zombie (D:5)
  A worker ant zombie (D:8)
  A howler monkey skeleton (D:9)
  9 adders
  8 gnolls
  A shadow imp (D:10)
  An adder zombie (D:5)
  2 adder skeletons
  3 worms (D:2)
  5 leopard geckos
  47 orcs
  2 ball pythons (D:5)
  3 giant cockroaches
  3 goblins
  2 hobgoblins
  15 jackals
  A quokka (D:4)
  4 bats
  A frilled lizard (D:4)
  A jackal skeleton (D:7)
  4 kobolds
  2 rats
  3 fungi
  13 plants
445 creatures vanquished.

Vanquished Creatures (others)
  8 fungi
  16 plants
24 creatures vanquished.

Grand Total: 469 creatures vanquished

Notes
Turn   | Place    | Note
-------+----------+-------------------------------------------
     0 | D:1      | Flugslaktarn the Minotaur Fighter began the quest for the
                  | Orb.
     0 | D:1      | Reached XP level 1. HP: 19/19 MP: 0/0
   112 | D:2      | Reached XP level 2. HP: 16/27 MP: 1/1
   122 | D:2      | Reached skill level 3 in Axes
   139 | D:3      | Reached XP level 3. HP: 11/33 MP: 2/2
   152 | D:3      | Reached XP level 4. HP: 10/40 MP: 3/3
   495 | D:4      | Found a stormy altar of Qazlal.
   517 | D:4      | Reached skill level 4 in Axes
   640 | D:4      | Found an iron altar of Okawaru.
   646 | D:4      | Reached XP level 5. HP: 44/47 MP: 4/4
   740 | D:4      | Noticed a sky beast
   799 | D:4      | Reached skill level 5 in Axes
   819 | D:4      | Reached XP level 6. HP: 10/55 MP: 5/5
  1329 | D:4      | Reached skill level 5 in Fighting
  1329 | D:4      | Reached skill level 5 in Armour
  1329 | D:4      | Reached skill level 5 in Shields
  1601 | D:5      | Entered Level 5 of the Dungeon
  1703 | D:5      | Noticed Blork the orc
  1708 | D:5      | Killed Blork the orc
  1708 | D:5      | Reached skill level 6 in Axes
  1708 | D:5      | Reached XP level 7. HP: 61/61 MP: 6/6
  1750 | D:5      | Found an opulent altar of Gozag.
  1771 | D:5      | Became a worshipper of Gozag Ym Sagoz the Greedy
  1825 | D:5      | Noticed Edmund
  1846 | D:5      | Killed Edmund
  2055 | D:5      | Noticed Menkaure
  2062 | D:5      | Killed Menkaure
  2062 | D:5      | Reached skill level 7 in Axes
  2290 | D:5      | Found a burning altar of Makhleb.
  2350 | D:5      | Reached XP level 8. HP: 70/70 MP: 7/7
  2627 | D:5      | Found a staircase to the Ecumenical Temple.
  2667 | D:5      | Found Sitylan's Antique Weapon Shop.
  2834 | D:6      | Found a hazy altar of Hepliaklqana.
  3044 | D:6      | Found a blossoming altar of Fedhas.
  3299 | D:6      | Reached skill level 8 in Axes
  3627 | D:7      | Reached skill level 9 in Axes
  3646 | D:7      | HP: 3/73 [centaur/arrow (11)]
  3648 | D:7      | Reached XP level 9. HP: 2/79 MP: 8/8
  3650 | D:7      | HP: 1/79 [centaur (2)]
  4072 | D:7      | Noticed Harold
  4092 | D:7      | Killed Harold
  4092 | D:7      | Reached skill level 10 in Axes
  4591 | D:7      | Found a sacrificial altar of Ru.
  5030 | D:8      | Noticed Gastronok
  5045 | D:8      | Killed Gastronok
  5045 | D:8      | Reached skill level 11 in Axes
  5045 | D:8      | Reached XP level 10. HP: 29/90 MP: 9/9
  5062 | D:8      | Noticed Prince Ribbit
  5075 | D:8      | Noticed Psyche
  5078 | D:8      | Noticed Pikel
  5086 | D:8      | Killed Psyche
  5089 | D:8      | Killed Pikel
  5174 | D:8      | Killed Prince Ribbit
  5174 | D:8      | Reached skill level 12 in Axes
  5440 | D:8      | Found a shadowy altar of Dithmenos.
  5596 | D:8      | Found a roughly hewn altar of Beogh.
  6029 | D:9      | Noticed a green ugly thing
  6042 | D:9      | Killed a green ugly thing
  6120 | D:9      | Reached XP level 11. HP: 47/99 MP: 10/10
  6155 | D:9      | HP: 4/99 [poisoned by a killer bee]
  6592 | D:9      | Reached skill level 10 in Fighting
  6990 | D:9      | Reached skill level 10 in Shields
  7113 | D:10     | Entered Level 10 of the Dungeon
  7210 | D:10     | Found Pecicyar's Weapon Boutique.
  7216 | D:10     | Reached skill level 13 in Axes
  7216 | D:10     | Reached skill level 10 in Armour
  7800 | D:10     | Noticed a two-headed ogre
  7801 | D:10     | Noticed a two-headed ogre
  7813 | D:10     | Killed a two-headed ogre
  7816 | D:10     | Killed a two-headed ogre
  7952 | D:10     | Found a shattered altar of Ashenzari.
  8559 | D:11     | Noticed a two-headed ogre
  8567 | D:11     | Killed a two-headed ogre
  8675 | D:11     | Noticed an eight-headed hydra
  8690 | D:11     | Found a staircase to the Orcish Mines.
  8941 | D:11     | Noticed a red ugly thing
  8949 | D:11     | Killed a red ugly thing
  8975 | D:11     | Reached skill level 14 in Axes
  9391 | D:11     | Found a staircase to the Lair.
  9417 | Lair:1   | Entered Level 1 of the Lair of Beasts
  9782 | Lair:1   | Found a shimmering altar of Xom.
 10765 | Lair:2   | Reached XP level 12. HP: 83/110 MP: 11/11
 11172 | Lair:2   | Noticed a catoblepas
 11192 | Lair:2   | Killed a catoblepas
 11496 | Lair:2   | Reached skill level 15 in Axes
 11758 | Lair:2   | Found a hole to the Spider Nest.
 12723 | Lair:3   | Noticed Snorg
 12734 | Lair:3   | Killed Snorg
 13626 | Lair:4   | Got a slimy ruby amulet
 13642 | Lair:4   | Identified the amulet of Polytheism {Spirit Dex+2} (You
                  | found it on level 4 of the Lair of Beasts)
 13932 | Lair:4   | Noticed an eight-headed hydra
 14064 | Lair:4   | Found a shadowy altar of Dithmenos.
 14067 | Lair:4   | Found a staircase to the Swamp.
 14101 | Lair:4   | Got a bone war axe
 14105 | Lair:4   | Identified the +5 war axe of the Lame Duck {drain, rPois
                  | rN+} (You found it on level 4 of the Lair of Beasts)
 14141 | Lair:4   | Killed a 17-headed hydra
 14395 | Lair:4   | Noticed a catoblepas
 14402 | Lair:4   | Killed a catoblepas
 14402 | Lair:4   | Reached skill level 16 in Axes
 14402 | Lair:4   | Reached XP level 13. HP: 118/118 MP: 12/12
 15228 | Lair:5   | Found a viscous altar of Jiyva.
 15229 | Lair:5   | Found a staircase to the Slime Pits.
 15978 | Lair:5   | Bought the +6 battleaxe "Flugslaktarn's Death" {flame,
                  | *Corrode rC+++ Str+2} for 1399 gold pieces
 15994 | Lair:6   | Entered Level 6 of the Lair of Beasts
 16362 | Lair:6   | Reached skill level 1 in Dodging
 17503 | Lair:6   | Reached skill level 17 in Axes
 19102 | Lair:6   | Found a runed translucent door.
 19280 | Lair:6   | Reached XP level 14. HP: 97/129 MP: 11/13
 19665 | Lair:6   | Gained mutation: Your body sometimes deteriorates upon
                  | taking damage. [potion of mutation]
 19665 | Lair:6   | Gained mutation: You are weak. (Str -2) [potion of
                  | mutation]
 19665 | Lair:6   | Gained mutation: You have a pair of large horns on your
                  | head. [potion of mutation]
 19760 | Swamp:1  | Entered Level 1 of the Swamp
 20356 | Swamp:1  | Reached skill level 5 in Dodging
 20636 | Swamp:1  | Reached skill level 18 in Axes
 20854 | Swamp:3  | Noticed Mara
 20859 | Swamp:3  | Noticed Flugslaktarn's illusion
 20871 | Swamp:3  | HP: 2/130 [Mara/bolt of fire (41)]
 21305 | Swamp:2  | Killed Mara
 22389 | Swamp:4  | Entered Level 4 of the Swamp
 22975 | Swamp:4  | HP: 6/132 [poisoned by a spiny frog]
 22975 | Swamp:4  | Slain by a spiny frog

Levels and vault maps discovered:
D:1:      erik_arrival_blinker_ship, layout_basic, minivault_4,
          serial_park_tiny_pond
D:2:      layout_rooms, lemuel_doored_altar, xom_redecorated,
          chequers_ecumenical_altar_simple_redux
D:3:      layout_basic, nicolae_overflow_hidden_temple, zin_angel,
          lemuel_crystal_altar, uniq_ijyb
D:4:      minmay_clustersquares, layout_basic, nicolae_qazlal_general_emergency,
          okawaru_metal_pillars_1_2, kennysheep_potato
D:5:      layout_basic, lemuel_round_altar,
          nicolae_gozag_cash_rules_everything_around_me, temple_green,
          first_ration, serial_shops, nicolae_shop_crystal, uniq_menkaure,
          uniq_blork_the_orc, uniq_edmund
D:6:      layout_gridville, lemuel_round_altar, nicolae_overflow_crystal_walls
D:7:      layout_basic, kennysheep_little_box, uniq_harold
D:8:      layout_rooms, nicolae_dithmenos_through_a_glass_darkly, special_room
          [special_room_orc], kennysheep_generic_room_10, uniq_pikel,
          uniq_psyche, uniq_prince_ribbit1, uniq_gastronok
D:9:      layout_roguey, david_nohive_1, grunt_tough_drop
D:10:     layout_long_grid, serial_shops, nicolae_shop_trees,
          nicolae_ashenzari_panopticon
D:11:     layout_loops_cross, david_lair_shrubbed, orc_0_dummy
Lair:1:   layout_cave_pods, basic_altar
Lair:2:   layout_small_grid, spider_nest_entry_web_field,
          nicolae_quartered_pool_little, serial_bayou_shore_a,
          grunt_megastairs_5
Lair:3:   layout_regular_city, infiniplex_staircase_pool, uniq_snorg
Lair:4:   layout_small_grid, skrybe_swamp_entry_bodies, basic_altar
Lair:5:   layout_loops_ring, slime_altar_1, patterned_corridor
Lair:6:   hangedman_lair_tendril_chambers, layout_regular_city, wormcave,
          lemuel_fruit_tree
Swamp:1:  layout_basic_swamp, nicolae_swamp_dense_foliage, swamp_pool4,
          water_boxes_lemuel
Swamp:2:  layout_falls_marsh, gammafunk_ghost_cemetery, lemuel_altar_in_water
Swamp:3:  layout_basic_swamp, serial_swamp_ruin, evilmike_swamp_ruin_rubble_1,
          evilmike_swamp_ruin_rubble_2, evilmike_swamp_ruin_house_1, uniq_mara
Swamp:4:  byrel_swamp_growth_death_and_undeath, layout_basic_swamp

Skill      XL: |  1  2  3  4  5  6  7  8  9 10 11 12 13 14 |
---------------+-------------------------------------------+-----
Axes           | 3 4 5 6 7 9 11 12 14 16 17 18 | 18.6
Armour         | 4 5 6 7 8 9 11 12 13 14 | 14.1
Shields        | 4 5 6 7 8 9 11 12 | 12.5
Fighting       | 4 5 6 7 8 9 11 12 13 14 | 14.1
Dodging        | 4 6 |  6.6

Action                   |  1- 3 |  4- 6 |  7- 9 | 10-12 | 13-15 || total
-------------------------+-------+-------+-------+-------+-------++-------
Melee: War axe           |    40 |   101 |   244 |   736 |    73 ||  1194
       Headbutt          |     7 |    14 |    52 |   166 |    95 ||   334
       Battleaxe         |       |       |       |       |   346 ||   346
Invok: Potion Petition   |       |       |       |     1 |     1 ||     2
       Call Merchant     |       |       |       |       |     2 ||     2
Evoke: Wand              |       |       |       |     1 |     3 ||     4
  Use: Scroll            |       |       |     9 |    14 |     9 ||    32
       Potion            |       |       |       |     2 |     3 ||     5
 Stab: Distracted        |       |       |     1 |     3 |       ||     4
       Invisible         |       |       |       |       |     1 ||     1
       Sleeping          |       |       |       |       |     1 ||     1
  Eat: Ration            |       |     1 |     6 |     9 |     8 ||    24
Armor: Scale mail        |    33 |    45 |    44 |       |       ||   122
       Chain mail        |       |       |    45 |       |    60 ||   105
       Plate armour      |       |       |     4 |   314 |   183 ||   501
Dodge: Dodged            |    14 |    36 |    57 |   135 |   179 ||   421
Block: Kite shield       |    33 |    48 |   139 |   395 |    71 ||   686

Table legend:
 A = Non-vault XP
 B = Vault XP
 C = Vault XP percentage of total XP
 D = Non-vault monster count
 E = Vault monster count
 F = Vault count percentage of total count
                 A         B        C        D         E       F
            +---------+---------+-------+---------+---------+-------
      Total |   58129 |   35048 |  37.6 |     309 |     119 |  27.8
            +---------+---------+-------+---------+---------+-------
        D:1 |       3 |       0 |   0.0 |       3 |       0 |   0.0
        D:2 |      39 |       0 |   0.0 |      10 |       0 |   0.0
        D:3 |      64 |       0 |   0.0 |      12 |       0 |   0.0
        D:4 |     211 |     224 |  51.5 |       9 |       9 |  50.0
        D:5 |     660 |     425 |  39.2 |      20 |       3 |  13.0
        D:6 |     184 |       0 |   0.0 |      10 |       0 |   0.0
        D:7 |    1710 |    1002 |  36.9 |      30 |       1 |   3.2
        D:8 |     619 |    4076 |  86.8 |       7 |      28 |  80.0
        D:9 |    1854 |    1173 |  38.8 |      13 |      16 |  55.2
       D:10 |    4495 |       0 |   0.0 |      39 |       0 |   0.0
       D:11 |    2766 |     322 |  10.4 |      17 |       1 |   5.6
     Lair:1 |    1560 |       0 |   0.0 |       8 |       0 |   0.0
     Lair:2 |    6191 |     714 |  10.3 |      26 |       3 |  10.3
     Lair:3 |    4460 |    1117 |  20.0 |      20 |       1 |   4.8
     Lair:4 |    4985 |     253 |   4.8 |      15 |       1 |   6.2
     Lair:5 |    5402 |       0 |   0.0 |      20 |       0 |   0.0
     Lair:6 |    6009 |   17564 |  74.5 |      15 |      55 |  78.6
    Swamp:1 |    7958 |       0 |   0.0 |      15 |       0 |   0.0
    Swamp:2 |     951 |    8178 |  89.6 |       1 |       1 |  50.0
    Swamp:3 |    4940 |       0 |   0.0 |      11 |       0 |   0.0
    Swamp:4 |    3068 |       0 |   0.0 |       8 |       0 |   0.0
            +---------+---------+-------+---------+---------+-------
